 Dungeon Crawl Stone Soup version 0.22.1-2-g9c5b331 (webtiles) character file.

82 Mrkaede the Shield-Bearer (level 4, -4/41 HPs)
             Began as a Minotaur Fighter on Dec 3, 2018.
             Slain by a gnoll
             ... wielding a +0 halberd
              (9 damage)
             ... on level 2 of the Dungeon.
             The game lasted 00:02:21 (577 turns).

Mrkaede the Shield-Bearer (Minotaur Fighter)         Turns: 577, Time: 00:02:22

Health: -4/41      AC:  7    Str: 26    XL:     4   Next: 21%
Magic:  3/3        EV:  7    Int:  5    God:
Gold:   16         SH: 10    Dex: 10    Spells: 3/3 levels left

rFire    . . .     SeeInvis .   a - +0 long sword
rCold    . . .     Gourm    .   c - +0 shield
rNeg     . . .     Faith    .   b - +0 scale mail
rPois    .         Spirit   .   (helmet restricted)
rElec    .         Reflect  .   (no cloak)
rCorr    .         Harm     .   (no gloves)
MR       .....                  (no boots)
Stlth    ..........             (no amulet)
HPRegen  0.13/turn              (no ring)
MPRegen  0.08/turn              (no ring)

@: mighty
A: retaliatory headbutt, horns 2
a: no special abilities


You were on level 2 of the Dungeon.
You were not hungry.

You visited 1 branch of the dungeon, and saw 2 of its levels.

You collected 16 gold pieces.

Inventory:

Hand Weapons
 a - a +0 long sword (weapon)
Armour
 b - a +0 scale mail (worn)
 c - a +0 shield (worn)
Scrolls
 h - 3 scrolls of identify {unknown}
 j - a scroll of enchant weapon {unknown}
Potions
 d - 2 potions of might
 e - a potion of heal wounds {unknown}
 i - a potion of ambrosia {unknown}
Comestibles
 f - 2 rations
 g - 5 chunks of flesh


   Skills:
 + Level 4.3 Fighting
 + Level 3.4 Long Blades
 + Level 4.3 Armour
 + Level 0.1 Dodging
 + Level 4.4 Shields


You had 3 spell levels left.
You didn't know any spells.
Your spell library was empty.

Dungeon Overview and Level Annotations

Branches:
Dungeon (2/15)

Altars:


Innate Abilities, Weirdness & Mutations

You reflexively headbutt those who attack you in melee.
You have a pair of horns on your head.


Message History

You have reached level 4!
You feel stronger.
The gnoll hits you from afar with a spear.
* * * LOW HITPOINT WARNING * * *
The gnoll hits you but does no damage.
You feel very mighty all of a sudden. The gnoll barely misses you.
You block the gnoll's attack. The gnoll hits you with a spear.
* * * LOW HITPOINT WARNING * * *
Items here: ) ††† a club; a gnoll corpse; a hobgoblin corpse; a goblin corpse You slash the gnoll!
The gnoll is severely wounded.
The gnoll hits you from afar with a halberd.
* * * LOW HITPOINT WARNING * * *
The gnoll hits you but does no damage.
You slice the gnoll!!
You kill the gnoll!
The gnoll hits you from afar with a halberd!
You die...

... #.# ####.#### # #..##
#>####.......## # # #.....
#.............# .# #
#.....##...........#.#.##.
#.....#...................
### #.....#..............#
.. #...............g..###
########
#......).####..#.)##
#.....#.. #........#
#..#@## #....<....
#........####....#
#......)...
##.......).....###
#..........
#..###..####..#
###.......... .... #..##
#..# ##>............. ...
#...# #..##... ...........
.. #...# #......
#......... #...###...####
#........ ###...........#
##....###


You could see a gnoll.

Vanquished Creatures
  Robin (D:2)
  2 gnolls (D:2)
  A worm (D:2)
  2 dart slugs (D:1)
  A leopard gecko (D:2)
  A giant cockroach (D:1)
  8 goblins (D:2)
  12 hobgoblins
  A quokka (D:2)
  3 bats (D:1)
  2 frilled lizards (D:1)
  5 kobolds
  2 rats (D:2)
41 creatures vanquished.

Notes
Turn   | Place    | Note
-------+----------+-------------------------------------------
     0 | D:1      | Mrkaede the Minotaur Fighter began the quest for the Orb.
     0 | D:1      | Reached XP level 1. HP: 19/19 MP: 0/0
   106 | D:1      | Reached XP level 2. HP: 27/27 MP: 1/1
   489 | D:2      | Noticed Robin
   505 | D:2      | Reached XP level 3. HP: 26/33 MP: 2/2
   521 | D:2      | Killed Robin
   573 | D:2      | Reached XP level 4. HP: 17/40 MP: 3/3
   577 | D:2      | Slain by a gnoll

Skill      XL: |  1  2  3 |
---------------+----------+-----
Shields        | 4 |  4.4
Armour         | 4 |  4.3
Fighting       | 4 |  4.3
Long Blades    | 3 |  3.4
Dodging        | |  0.1

Action                   |  1- 3 |  4- 6 || total
-------------------------+-------+-------++-------
Melee: Long sword        |    86 |     2 ||    88
       Headbutt          |    16 |       ||    16
  Use: Potion            |       |     1 ||     1
Armor: Scale mail        |    51 |     2 ||    53
Dodge: Dodged            |    32 |     1 ||    33
Block: Shield            |    52 |     1 ||    53
       Rpst.: Long sword |     6 |       ||     6
